[Event "Early-Titled-Tuesday-Blitz-April-02-2024"]
[Site "Chess.com"]
[Date "2024.04.02"]
[Round "3"]
[White "SharathRk6"]
[Black "masnyszachistaaa"]
[Result "1/2-1/2"]
[WhiteElo "2408"]
[BlackElo "2602"]
[TimeControl "180+1"]
[EndTime "8:29:25 PDT"]
[Termination "Game drawn - insufficient material"]

1. e4 g6 2. d4 Bg7 3. Nf3 c6 4. Nc3 d5 5. e5 Nh6 6. h3 f6 7. Bf4 O-O 8. Qd2 Nf7 9. O-O-O a5 10. h4 Bg4 11. exf6 exf6 12. Bd3 Na6 13. h5 g5 14. Bg3 Nd6 15. h6 Bh8 16. Nxg5 fxg5 17.
Bxd6 Bxd1 18. Bxf8 Kxf8 19. Qxd1 Qc7 20. Qf3+ Qf4+ 21.
Qxf4+ gxf4 22. Ne2 Kg8 23. Rh4 Bf6 24. Rg4+ Kh8 25.
Nxf4 Nb4 26. c3 Nxd3+ 27. Nxd3 Re8 28. Kd2 Re6 29. Nc5 Re7 30. f4 Rf7 31. Rg3 b6 32. Nd3 Be7 33. Rf3 Bf8 34. g4 Bxh6 35. Ke3 Bg7 36.
f5 Bh6+ 37. Nf4 Re7+ 38. Kd3 Re1 39. Ne6 Kg8 40. g5 Bf8 41. g6 hxg6 42. Nxf8 Kxf8 43. fxg6+ Kg7 44. Rg3 Re6 45. b3 Rxg6 46. Re3 Kf7 47. c4 Re6 48. Rf3+ Ke7 49. Rh3 Kd7 50. Kc3 Kd6 51.
Rg3 Rf6 52. a3 Rh6 53. Rf3 Rg6 54. Re3 Rh6 55. Rf3 Rg6 56. Re3 c5 57. dxc5+ bxc5 58. cxd5 Kxd5 59. Rd3+ Kc6 60. Re3 Rh6 61. a4 Rg6 62.
Rf3 Rh6 63. Rg3 Rf6 64. Rh3 Kd5 65. Rh5+ Kd6 66. Rh3 Rf5 67. Kc4 Rf4+ 68. Kb5 Kd5 69. Kxa5 c4 70. bxc4+ Kxc4 71. Kb6 Rf6+ 72. Kb7 Kb4 73.
Rh4+ Ka5 74. Kc7 Rf3 75. Kd6 Ra3 76. Ke5 Rxa4 77. Rxa4+ Kxa4 1/2-1/2

[Event "Early-Titled-Tuesday-Blitz-April-02-2024"]
[Site "Chess.com"]
[Date "2024.04.02"]
[Round "3"]
[White "PIwan"]
[Black "Shahdad2007"]
[Result "1-0"]
[WhiteElo "2435"]
[BlackElo "2600"]
[TimeControl "180+1"]
[EndTime "8:29:27 PDT"]
[Termination "PIwan won on time"]

1. c4 c6 2. e4 d5 3. exd5 cxd5 4.
cxd5 Nf6 5. Nc3 g6 6. d4 Bg7 7. Bb5+ Nbd7 8. d6 exd6 9. Qe2+ Qe7 10. Qxe7+ Kxe7 11. Nf3 Rd8 12. O-O Kf8 13. Bf4 Nb6 14. Rfe1 Nbd5 15. Nxd5 Nxd5 16. Bxd6+ Kg8 17. Be5 Bg4 18.
Bxg7 Bxf3 19. Be5 Bg4 20. Rac1 Be6 21. a3 Rac8 22. f3 Rxc1 23. Rxc1 Rc8 24. Rxc8+ Bxc8 25.
Kf2 a6 26. Bd3 Kf8 27. g4 Ke7 28. h4 Be6 29. h5 Nb6 30. Be4 Bd5 31. b3 Ke6 32. Bc7 Nd7 33. Ke3 b5 34. b4 Nf6 35.
hxg6 hxg6 36. Be5 Bxe4 37. Bxf6 Bd5 38. Be5 Bc6 39. f4 Bd5 40. Kd3 Bc6 41. Ke3 Bd5 42. Kd3 Bf3 43. g5 Bd5 44. Kc3 Kf5 45. Kb2 Ke4 46. Kc3 Ke3 47. Bd6 Bc4 48. Be5 Ke4 49. Bd6 Bd5 50. Be5 Be6 51. Bd6 Kd5 52. Be5 Bf5 53.
Bf6 Bh3 54. Be5 Bf1 55. Bf6 Bc4 56. Be5 Ke4 57. Bf6 Kxf4 58. Be7 Kf5 59. Bf6 Ke6 60. Bd8 f5 61. gxf6 g5 62. Kd2 Kd7 63. Be7 Bd5 64.
Ke3 1-0

[Event "Early-Titled-Tuesday-Blitz-April-02-2024"]
[Site "Chess.com"]
[Date "2024.04.02"]
[Round "3"]
[White "LionKing2367890"]
[Black "ExtremeLearner"]
[Result "1/2-1/2"]
[WhiteElo "2285"]
[BlackElo "2570"]
[TimeControl "180+1"]
[EndTime "8:29:27 PDT"]
[Termination "Game drawn by stalemate"]

1. e4 c5 2. Nf3 e6 3. d4 cxd4 4.
Nxd4 a6 5. c4 Nf6 6. Nc3 Qc7 7.
Be3 Bb4 8. f3 Nc6 9. Be2 h5 10.
O-O Nxd4 11. Qxd4 Bd6 12. f4 e5 13. Qd2 O-O 14. Rad1 Bc5 15. fxe5 Qxe5 16. Rf5 Bxe3+ 17. Qxe3 Qe6 18. Rdf1 Ng4 19. Bxg4 hxg4 20. Nd5 d6 21.
Qg5 Qh6 22. Ne7+ Kh7 23. Qxh6+ Kxh6 24. Nxc8 Raxc8 25. Rxf7 Rxf7 26. Rxf7 Rxc4 27. Rxb7 Rxe4 28. Rb6 Re2 29. Rxd6+ Kg5 30. Rxa6 Rxb2 31. a4 Kf4 32. Rg6 Ke3 33. Re6+ Kf4 34. Rc6 g5 35. Rc4+ Ke3 36. Rc3+ Kf4 37. h3 g3 38. Rf3+ Ke4 39. Rxg3 Ra2 40.
Kh2 Kf4 41. Rg4+ Kf5 42. Kg3 Ra3+ 43. Kf2 Ra2+ 44. Ke1 Rb2 45. Kd1 Ra2 46. Kc1 Ra3 47.
Kb2 Re3 48. a5 Re5 49. Ra4 Re2+ 50. Kc3 Rxg2 51. a6 Rh2 52. a7 Rxh3+ 53. Kb2 Rh2+ 54. Ka3 Rh3+ 55. Kb4 Rh4+ 56. Kb5 Rh8 57. a8=Q Rxa8 58. Rxa8 g4 59. Kc4 Kf4 60. Kd4 Kf3 61. Rf8+ Ke2 62.
Rg8 Kf3 63. Kd3 g3 64. Rf8+ Kg2 65. Ke3 Kh1 66. Rh8+ Kg1 67. Kf3 g2 68. Rg8 Kh1 69.
Rxg2 1/2-1/2

[Event "Early-Titled-Tuesday-Blitz-April-02-2024"]
[Site "Chess.com"]
[Date "2024.04.02"]
[Round "3"]
[White "LornerAcosta"]
[Black "Flaccidmoves"]
[Result "1-0"]
[WhiteElo "2625"]
[BlackElo "2432"]
[TimeControl "180+1"]
[EndTime "8:29:30 PDT"]
[Termination "LornerAcosta won by checkmate"]

1. Nf3 g6 2. d4 Bg7 3. c3 d6 4. Bf4 Nf6 5. Nbd2 O-O 6. e4 Nc6 7. Be2 e5 8. dxe5 dxe5 9. Nxe5 Nxe5 10. Bxe5 Re8 11. Bxf6 Qxf6 12. O-O Qb6 13. Qc2 Be6 14. Bc4 Rad8 15. Bxe6 Rxe6 16. Rfe1 Qa6 17. Nf3 Red6 18. a3 Bh6 19. Re2 Qc4 20. Rae1 a5 21. a4 Bg7 22. e5 Rb6 23. g3 Bh6 24. Kg2 Qd5 25. Re4 Qb3 26.
R1e2 Qa2 27. Nd4 Re8 28. f4 Qd5 29. Nf3 Bf8 30. Rd4 Qe6 31. Qe4 Qa2 32. Rdd2 Qb3 33.
Nd4 Qc4 34. Nf3 Qb3 35. Qc2 Qa2 36. Ng5 h6 37. Ne4 Qe6 38. Nf6+ Kg7 39. Qd3 Ra8 40.
Qd5 Qxd5+ 41. Nxd5 Rb3 42. Nxc7 Rc8 43. Nb5 Bc5 44.
Kf3 g5 45. Ke4 Kg6 46. f5+ Kg7 47. Kd3 Bf8 48. Kc2 Rb4 49. Rd4 Rxd4 50. Nxd4 h5 51. Kd3 Bc5 52. Nb5 Rd8+ 53. Kc4 b6 54. e6 fxe6 55. fxe6 Re8 56. Kd5 Kf6 57. Re4 Rd8+ 58. Kc6 Re8 59. Kd7 Re7+ 60. Kc6 Rxe6+ 61. Rxe6+ Kxe6 62. Nd4+ Ke5 63. Nf3+ Kf5 64. Nd4+ Ke4 65. Ne6 Be3 66. b4 axb4 67. cxb4 g4 68. a5 bxa5 69. bxa5 Kf3 70. Nc5 Bg5 71. a6 Bd8 72. a7 Kg2 73. a8=Q Kxh2 74. Qxd8 Kxg3 75. Qd6+ Kg2 76. Ne4 h4 77. Qd2+ Kh1 78. Qe1+ Kg2 79. Qxh4 g3 80. Qxg3+ Kh1 81. Nf2# 1-0

[Event "Early-Titled-Tuesday-Blitz-April-02-2024"]
[Site "Chess.com"]
[Date "2024.04.02"]
[Round "3"]
[White "Lucky_Puncher"]
[Black "LikeWater"]
[Result "0-1"]
[WhiteElo "2496"]
[BlackElo "2668"]
[TimeControl "180+1"]
[EndTime "8:29:40 PDT"]
[Termination "LikeWater won by resignation"]

1. d4 Nf6 2. c4 e6 3. Nc3 c5 4. d5 exd5 5. cxd5 d6 6. e4 g6 7. h3 Bg7 8. Nf3 O-O 9. Be3 Re8 10. Nd2 Nxe4 11. Ndxe4 f5 12. Nxd6 Qxd6 13. g3 Rxe3+ 14. fxe3 Qxg3+ 15. Kd2 f4 16. exf4 Bf5 17. Qe1 Qxf4+ 18.
Qe3 Qh4 19. Qe8+ Bf8 20. Bd3 Na6 21. Qxa8 Qg5+ 22. Kc2 Nb4+ 23. Kb3 Bxd3 24. Rhf1 c4+ 25. Ka4 b5+ 26. Kxb5 Bf5 27. Qe8 Kg7 28. Rxf5 Qxf5 29.
Qe6 Qc2 30. Qe5+ Kg8 31. Qe2 Kg7 32. Qxc2 Nxc2 33. Rf1 Nd4+ 34. Kxc4 Nf5 35. Re1 Bd6 36. Re6 Bf4 37. Ne4 h5 38. Rb6 axb6 39. Kb5 Be3 40. a4 Kf7 41. b4 Ke7 42. a5 bxa5 43. bxa5 Kd7 44. a6 Kc7 45. Nf6 Nd6+ 46. Kb4 Kb6 47. Nd7+ Kxa6 48. Ne5 g5 49. Kc3 Kb6 50. Kd3 Bf4 51.
Nf3 Kc5 52. Nd4 Kxd5 53. Ne2 Ke5 54. Nc3 Nf5 55. Ke2 Nd4+ 56. Kf2 Bd2 57. Nd1 Kf4 58. Kg2 Be3 59. Nb2 Ke4 60. Nd1 Ne6 61. Nc3+ Kd3 62.
Nd5 Bd2 63. Nf6 Nf4+ 64. Kg3 Be1+ 65. Kh2 Ke3 66. Nd7 g4 67. hxg4 hxg4 68. Ne5 g3+ 69. Kh1 g2+ 70. Kh2 Bg3+ 71. Kxg3 g1=Q+ 0-1

[Event "Early-Titled-Tuesday-Blitz-April-02-2024"]
[Site "Chess.com"]
[Date "2024.04.02"]
[Round "3"]
[White "Al_Shima"]
[Black "edgarhay012"]
[Result "1-0"]
[WhiteElo "2457"]
[BlackElo "2616"]
[TimeControl "180+1"]
[EndTime "8:29:46 PDT"]
[Termination "Al_Shima won by resignation"]

1. e4 e6 2. d4 d5 3. Nd2 dxe4 4. Nxe4 Nf6 5. Nxf6+ gxf6 6. Nf3 Nd7 7. c3 b6 8. Bd3 Bb7 9. Qe2 Bd6 10. Be3 Qe7 11.
a4 a5 12. O-O-O O-O-O 13. Ba6 Rhg8 14. Nd2 Nb8 15. Bxb7+ Kxb7 16. Qf3+ c6 17. g4 Bc7 18. Ne4 Rg6 19. h4 f5 20. gxf5 exf5 21. Qxf5 Re8 22. h5 Re6 23. Ng5 Rf6 24. Qxh7 Qd7 25. Qd3 Qd5 26. h6 Rh8 27. Kb1 Nd7 28. h7 Nf8 29. Rh4 Ng6 30. Rh6 Nf4 31. Bxf4 Rxh6 32. Bxc7 Kxc7 33. Qg3+ Kb7 34. f3 f6 35. Ne4 R8xh7 36.
Nd6+ Ka7 37. Nc8+ Kb7 38. Nd6+ Ka6 39. Qg8 Rh8 40. Qg3 R6h7 41. Ne4 Rf7 42. Qf2 f5 43. Qe2+ Ka7 44. Ng5 Rd7 45. f4 Rhd8 46. Nf3 Qe4+ 47.
Qxe4 fxe4 48. Ne5 Rd6 49. Re1 Rf8 50. Rxe4 Rh6 51. Ka2 Kb7 52. Re3 Kc7 53. Rg3 Rxf4 54. Rg7+ Kd6 55. Rd7+ Ke6 56. Rc7 Kd5 57. Rd7+ Ke4 58.
Rc7 Rh2 59. Rxc6 Rf1 60. Nc4 Kd5 61. Rc8 Rg1 62. Nxb6+ Kd6 63. Nc4+ Kd7 64. Rc5 Rhh1 65. Nxa5 Ra1+ 66. Kb3 Rh6 67. Nc4 Ra6 68. a5 Ra7 69. Rb5 Kc6 70. Rb6+ Kc7 71. d5 R7xa5 72. Rc6+ Kd7 73.
Nxa5 Rxa5 74. c4 Ra1 75. Rb6 Rc1 76. Rb5 Rd1 77. Kb4 Kd6 78. b3 Rc1 79. Rb6+ Kc7 80.
Kc5 Rh1 81. b4 Rh5 82. Rg6 Rf5 83. b5 Rh5 84. Rg7+ Kd8 85. b6 Rh6 86. b7 1-0

[Event "Early-Titled-Tuesday-Blitz-April-02-2024"]
[Site "Chess.com"]
[Date "2024.04.02"]
[Round "3"]
[White "Likvidator228"]
[Black "Kirill_Klukin"]
[Result "0-1"]
[WhiteElo "2566"]
[BlackElo "2828"]
[TimeControl "180+1"]
[EndTime "8:29:48 PDT"]
[Termination "Kirill_Klukin won by checkmate"]

1. d4 e6 2. Nf3 d5 3. Bf4 Nf6 4. e3 Bd6 5. Bg3 b6 6. c4 Bb7 7. Nc3 O-O 8. Rc1 a6 9. cxd5 Nxd5 10. Bd3 h6 11. O-O Nd7 12. a3 Bxg3 13. hxg3 c5 14. Bb1 Qe7 15. Qd3 g6 16. Rfd1 Rfd8 17. Ne4 N7f6 18. dxc5 Nf4 19. Nxf6+ Qxf6 20. Qf1 Nxg2 21.
Rxd8+ Rxd8 22. c6 Bxc6 23. Rxc6 Qxf3 24. Qxg2 Rd1+ 25. Kh2 Qh5+ 26. Qh3 Rh1+ 27. Kxh1 Qxh3+ 28. Kg1 Qh5 29. Be4 Qe5 30. Bd3 Qxb2 31. Bxa6 h5 32.
a4 Qb1+ 33. Bf1 Kg7 34. Rc4 Kf6 35. Kg2 g5 36. Kg1 Kg7 37. Kg2 f5 38. Kg1 Kf6 39.
Kg2 Qd1 40. Rb4 Qd6 41. Rc4 Qd8 42. Rd4 Qh8 43. Rd6 Qb8 44. Rd4 Qa8+ 45. Kg1 h4 46. gxh4 g4 47. Bg2 Qh8 48. Rd6 Qxh4 49. Rxb6 g3 50.
fxg3 Qxg3 51. Rb3 Qe1+ 52. Kh2 Qh4+ 53. Kg1 Qxa4 54. Rb1 Qh4 55. Rf1 Ke5 56. Rf3 Qe1+ 57. Kh2 Qh4+ 58. Rh3 Qg5 59. Rg3 Qh6+ 60. Rh3 Qg7 61.
Rg3 Qf8 62. Rf3 Qd6 63. Kg1 Qd2 64. Kh2 Kf6 65. Kg1 e5 66. Rh3 Qe1+ 67. Kh2 Ke6 68. Rh6+ Ke7 69. Rh3 Qd2 70. Rg3 Kd6 71. Rg6+ Kc5 72.
Rg3 Qf2 73. Rf3 Qh4+ 74. Kg1 Qg4 75. Kf2 Kd6 76. Bh3 Qh4+ 77. Kg2 f4 78. exf4 exf4 79. Kh2 Ke5 80. Rf1 Qg3+ 81. Kh1 Qxh3+ 82. Kg1 Qg3+ 83. Kh1 Ke4 84. Rf2 Qh3+ 85. Kg1 f3 86. Rh2 Qg3+ 87. Kh1 Qe1# 0-1

[Event "Early-Titled-Tuesday-Blitz-April-02-2024"]
[Site "Chess.com"]
[Date "2024.04.02"]
[Round "3"]
[White "scarabee43"]
[Black "JiaHaoxiang"]
[Result "0-1"]
[WhiteElo "2806"]
[BlackElo "2580"]
[TimeControl "180+1"]
[EndTime "8:29:55 PDT"]
[Termination "JiaHaoxiang won by resignation"]

1. Nf3 Nf6 2. c4 c6 3. d4 d5 4. Nc3 dxc4 5. a4 Bf5 6. e3 e6 7. Bxc4 Bb4 8. O-O O-O 9. Qe2 Nbd7 10. e4 Bg6 11. e5 Nd5 12. Ne4 Be7 13. a5 b5 14.
axb6 axb6 15. Bd2 b5 16. Bd3 Qb6 17. h3 c5 18. dxc5 Nxc5 19. Nxc5 Bxc5 20. Bxb5 Rab8 21. Bc4 Qxb2 22. Rfc1 Rfd8 23. Ra2 Qb7 24. Bg5 Be7 25.
Bxd5 Rxd5 26. Bxe7 Qxe7 27. Nh2 Qg5 28. Re1 h6 29. Ng4 Rbd8 30. g3 Bh5 31. Kg2 Rd2 32.
Rxd2 Rxd2 33. Qf3 Bxg4 34. hxg4 Rd4 35. Kh3 Rd5 36. Qc3 g6 37. f4 Qd8 38. Rc1 Kg7 39.
Qc8 Qb6 40. Qc3 Qf2 41. Rc2 Qf1+ 42. Rg2 Rd1 43. Qc2 Qh1+ 44. Rh2 Qf3 45. Qg2 Qd3 46. Qe2 Qd8 47. Rf2 Rh1+ 48. Kg2 Rd1 49. f5 Qd5+ 50. Qf3 gxf5 51. gxf5 Qxe5 52. Qg4+ Kh8 53. fxe6 Qd5+ 54.
Qf3 fxe6 55. Kh2 Qxf3 56. Rxf3 Kg7 57. Re3 Kf6 58. Kg2 e5 59. Kf3 Rf1+ 60. Kg2 Ra1 61.
Rf3+ Ke6 62. Rf8 Kd5 63. Rh8 Ra6 64. Re8 Ke4 65. Kf2 Ra2+ 66. Kg1 Kd4 67. Re6 e4 68. Rxh6 e3 69. Re6 Kd3 70. Kf1 Ra1+ 71. Kg2 e2 72. Kf3 Rf1+ 73. Kg4 e1=Q 74. Rxe1 Rxe1 75. Kf5 Rf1+ 76.
Ke5 Rg1 77. Kf4 Kd4 78. g4 Kd5 79. Kf5 Kd6 80. g5 Ke7 81. Kg6 Kf8 82. Kh6 Kg8 83. Kg6 Rh1 84. Kf6 Kh7 85. g6+ Kg8 86. Kf5 Kg7 0-1

[Event "Early-Titled-Tuesday-Blitz-April-02-2024"]
[Site "Chess.com"]
[Date "2024.04.02"]
[Round "3"]
[White "shimastream"]
[Black "Suleyman_Chess06"]
[Result "1/2-1/2"]
[WhiteElo "3011"]
[BlackElo "2746"]
[TimeControl "180+1"]
[EndTime "8:30:02 PDT"]
[Termination "Game drawn by repetition"]

1. e4 e6 2. h3 d5 3. exd5 exd5 4. d4 Nc6 5. Nf3 Bd6 6. Bd3 Nge7 7. O-O O-O 8. Nc3 Nb4 9. Bb5 c6 10. Be2 Bf5 11. Ne1 c5 12. dxc5 Bxc5 13. a3 Nbc6 14. Nd3 Bd6 15. Bf3 Bc7 16. Re1 Qd7 17. Nc5 Qd6 18. Nb5 Qh2+ 19. Kf1 Bb6 20. Be3 d4 21.
Nxd4 Rad8 22. b4 Nxd4 23. Bxd4 Nc6 24. c3 Rfe8 25. Rxe8+ Rxe8 26. Be3 Ne5 27. Ke2 Rd8 28. Bd4 Nxf3 29. Kxf3 Re8 30. Be3 Bg6 31. Qd7 Qe5 32.
Ke2 Bxc5 33. bxc5 h5 34. Rd1 Re6 35. Kf1 Qxc3 36. Kg1 Qc2 37. Qd8+ Kh7 38. Qd2 Qxd2 39. Rxd2 b6 40. cxb6 axb6 41. Rb2 Rc6 42. Bxb6 Rc4 43. Ba5 Be4 44. Bb4 Bc6 45. Kh2 h4 46. Rd2 Kg6 47.
Be7 f6 48. Bb4 Kh6 49. Rd1 Kg6 50. Kg1 Rc2 51. f3 Rc4 52. Kf2 Rc2+ 53. Kg1 Rc4 54. Ra1 Bb5 55. Be1 Bc6 56. Bf2 Kh5 57. Rb1 Rc2 58. Rb4 g5 59. Rb6 Rc1+ 60. Kh2 Rc2 61. Kg1 Rc1+ 62. Kh2 Rc2 63. Bd4 Bxf3 64. Rxf6 Rxg2+ 65. Kh1 Rg3+ 66. Kh2 Be4 67. Re6 Bd5 68. Rd6 Ba8 69.
Rd8 Be4 70. Rh8+ Kg6 71. Re8 Rg2+ 72. Kh1 Re2+ 73. Kg1 Kf5 74. Rf8+ Ke6 75. Rf2 Re1+ 76. Rf1 Re2 77. Rf2 Re1+ 78. Rf1 Rxf1+ 79. Kxf1 Bf5 80. Kg2 g4 81. hxg4 Bxg4 82. Kh2 h3 83. Bf2 Bf5 84. Bg3 Kd5 85. Bf2 Bc8 86. Bg3 Kc6 87. Bh4 Kb5 88. Bg3 Ka4 89. Bd6 Kb3 90. Bb4 Ka4 91. Bd6 Kb3 92. Bb4 Ka4 93. Bd6 1/2-1/2

[Event "Early-Titled-Tuesday-Blitz-April-02-2024"]
[Site "Chess.com"]
[Date "2024.04.02"]
[Round "3"]
[White "Rud_Makarian"]
[Black "Rodalquilar"]
[Result "1-0"]
[WhiteElo "3022"]
[BlackElo "2738"]
[TimeControl "180+1"]
[EndTime "8:30:32 PDT"]
[Termination "Rud_Makarian won by checkmate"]

1. d4 d5 2. c4 e6 3. Nf3 Nf6 4. g3 Be7 5. Bg2 O-O 6. O-O dxc4 7. Qc2 a6 8. a4 Bd7 9. Qxc4 Bc6 10. Bg5 a5 11. Nc3 Ra6 12. Qd3 Rb6 13. Qc2 Bd5 14. Nxd5 exd5 15. Ne5 Nc6 16. Nxc6 Rxc6 17. Qd3 Rb6 18. b3 Re8 19. Rac1 c6 20. Rc2 Ne4 21.
Bxe4 dxe4 22. Bxe7 exd3 23. Bxd8 Rxd8 24. Rc3 dxe2 25. Re1 Rxd4 26. Rxe2 Kf8 27. Kg2 Rbb4 28. Rce3 Rd8 29. Rc3 h6 30. h4 Rd5 31. Rce3 g5 32. hxg5 hxg5 33. Rc3 Kg7 34. Kh3 g4+ 35. Kh4 Kg6 36.
Rc4 Rxc4 37. bxc4 Rd4 38. Re5 Rxc4 39. Rg5+ Kf6 40. Rxa5 Ke6 41. Kg5 b6 42. Ra6 Rb4 43. a5 Rb5+ 44. Kxg4 Rxa5 45. Rxb6 Rc5 46. f4 Rc3 47. Rb8 f5+ 48. Kh4 c5 49. Rb6+ Kd5 50. Rf6 Ke4 51. Re6+ Kf3 52. Re5 Rc1 53. Rxf5 c4 54.
Rc5 c3 55. f5 Ke4 56. Kg5 Kd4 57. Rc8 Rg1 58. g4 Kd3 59. f6 c2 60. Kf5 c1=Q 61. Rxc1 Rxc1 62. g5 Rc5+ 63. Ke6 Ke4 64. f7 Re5+ 65.
Kd6 Rd5+ 66. Ke7 Re5+ 67. Kd7 Rd5+ 68. Kc6 Rf5 69. g6 Ke5 70. g7 Rf6+ 71. Kc5 Rxf7 72. g8=Q Rf5 73. Kb4 Rf4+ 74. Kc3 Rf5 75. Kd3 Rf3+ 76.
Kc4 Rf5 77. Qg3+ Ke4 78. Qg6 Ke5 79. Qe8+ Kf4 80. Kd4 Kg5 81. Qg8+ Kf4 82. Qg2 Rg5 83.
Qf2+ Kg4 84. Ke4 Kh5 85. Qf7+ Kg4 86. Qf8 Kh5 87. Qh8+ Kg4 88. Qh7 Kg3 89. Ke3 Kg4 90. Ke4 Kg3 91. Qh1 Kg4 92. Qh2 Rg6 93. Qg2+ Kh5 94.
Qh3+ Kg5 95. Qg3+ Kh5 96. Qh3+ Kg5 97. Ke5 Rh6 98. Qg3+ Kh5 99. Kf5 Rf6+ 100. Kxf6 Kh6 101. Qh3# 1-0

[Event "Early-Titled-Tuesday-Blitz-April-02-2024"]
[Site "Chess.com"]
[Date "2024.04.02"]
[Round "3"]
[White "bubeliang"]
[Black "Polish_fighter3000"]
[Result "1/2-1/2"]
[WhiteElo "2783"]
[BlackElo "3135"]
[TimeControl "180+1"]
[EndTime "8:30:39 PDT"]
[Termination "Game drawn by repetition"]

1. d4 d5 2. Nc3 Nf6 3. Bf4 e6 4. Nb5 Bb4+ 5. c3 Ba5 6. a4 a6 7. b4 Bxb4 8. cxb4 axb5 9. axb5 Rxa1 10. Qxa1 Qe7 11. Qa3 O-O 12. e3 Nh5 13. Bg3 Nxg3 14.
hxg3 Nd7 15. Nf3 e5 16. dxe5 Nxe5 17. Qc3 Nxf3+ 18. gxf3 Rd8 19. Qd4 Bf5 20. Be2 b6 21. O-O h5 22. Rc1 g6 23. Qf4 Rd7 24. Qd4 Be6 25.
Ra1 Rd8 26. Bd3 Qf8 27. Ra7 Rc8 28. Qe5 Qg7 29. f4 Qxe5 30. fxe5 d4 31. Be4 dxe3 32.
fxe3 Kg7 33. Bc6 Kh6 34. Bb7 Rd8 35. Bc6 Rd3 36. Kf2 Kg5 37. Rxc7 Kf5 38. Rb7 Kxe5 39.
Rxb6 Rd2+ 40. Ke1 Rb2 41. Rb8 Rxb4 42. b6 Bd5 43. Re8+ Kd6 44. b7 Bxc6 45. b8=Q+ Rxb8 46. Rxb8 Ke5 47. Kf2 Be4 48. Rb4 Kf5 49. Rb5+ Kf6 50.
Ra5 Bf5 51. Kf3 Bg4+ 52. Kf4 Be6 53. e4 Bg4 54. e5+ Kg7 55. Kg5 Be6 56. Ra6 Bc4 57.
Rf6 Bd5 58. Kf4 Be6 59. Ke3 Bb3 60. Kd4 Kf8 61. Kc3 Be6 62. Kd4 Ke7 63. Ke3 Kf8 64. Kf4 Kg7 65. Kg5 Bd5 66. Rf4 Be6 67. Rd4 Bf5 68. Rd6 Be6 69. Ra6 Bc4 70. Ra7 Bd5 71.
Rc7 Be6 72. Rc5 Bb3 73. g4 hxg4 74. Kxg4 Kh6 75. Kf4 Be6 76. Rc1 g5+ 77. Kg3 Kg6 78. Rf1 f5 79. exf6 Kf7 80. Rf2 Kg6 81. Rf3 Kf7 82. Kf2 Kg6 83. Ke3 g4 84. Rf1 Kf7 85. Ke4 g3 86. Ke5 g2 87. Rg1 Bh3 88. Ra1 Bg4 89. Rc1 Be2 90. Rc7+ Kf8 91. Rg7 Bf1 92. Rg3 Kf7 93. Rg7+ Kf8 94. Kd6 Ke8 95. Ke6 Bc4+ 96. Kf5 Bf1 97. Kf4 Kf8 98. Ke5 Ke8 99. Kd4 Kf8 100.
Ke3 Ke8 101. Kf4 Kf8 102. Ke5 Ke8 103. Ke6 Bc4+ 104. Kd6 Bf1 105. Ke6 1/2-1/2

[Event "Early-Titled-Tuesday-Blitz-April-02-2024"]
[Site "Chess.com"]
[Date "2024.04.02"]
[Round "3"]
[White "MagnusCarlsen"]
[Black "bascheyaro"]
[Result "1/2-1/2"]
[WhiteElo "3230"]
[BlackElo "2797"]
[TimeControl "180+1"]
[EndTime "8:30:52 PDT"]
[Termination "Game drawn - insufficient material"]

1. e4 e6 2. b3 d5 3. Bb2 Nf6 4. Nc3 dxe4 5. Qe2 Nbd7 6. O-O-O Bd6 7. g4 h6 8. h4 Qe7 9. Bg2 Ba3 10. g5 Nd5 11.
Nh3 N7b6 12. Qxe4 Bxb2+ 13. Kxb2 Bd7 14. Nxd5 exd5 15. Qd4 O-O-O 16. Qxg7 Rdg8 17. Qc3 hxg5 18. hxg5 Kb8 19. f4 Rh4 20. Rde1 Qd6 21. Qg3 Bxh3 22. Rxh3 Rxf4 23. Rf1 Rxf1 24. Qxd6 cxd6 25. Bxf1 Rxg5 26.
Rf3 Rg7 27. a4 Kc7 28. Rf5 Kd7 29. a5 Na8 30. Rxd5 Nc7 31. Bh3+ Kc6 32. Rf5 b6 33.
Bf1 Nd5 34. Bc4 Ne7 35. Rh5 f5 36. a6 d5 37. Rh6+ Kc7 38. Bd3 Rf7 39. Be2 Nc6 40. Bf3 Nb4 41. Kc3 Nxa6 42. Bxd5 Rd7 43. Be6 Re7 44. Bxf5 Nc5 45. d4 Nb7 46. Kd3 a5 47. c4 Nd6 48. Bg4 Rg7 49. Rh4 Rf7 50. c5 bxc5 51. dxc5 Nb5 52. Kc4 Na3+ 53. Kd5 Nb5 54. Be6 Rg7 55. Rh8 Rg5+ 56. Kc4 Na3+ 57. Kd3 Rxc5 58. Rh6 Rc6 59. Rh7+ Kd6 60. Bf5 Kc5 61.
Be4 Re6 62. Rc7+ Kb4 63. Bd5 Rd6 64. Ke4 Nb5 65. Rb7 Kc5 66. Bg8 Nc3+ 67. Ke5 Rd1 68. Rb8 Nb5 69. Rc8+ Kb4 70. Rc4+ Ka3 71. Ra4+ Kb2 72. Rxa5 Nc3 73. Bc4 Na2 74. Ra8 Nb4 75. Rh8 Kc3 76. Rh3+ Kb2 77. Ke6 Ka3 78. Rh5 Rd2 79.
Rh4 Rd1 80. Rh8 Rd2 81. Rb8 Rd1 82. Ra8+ Kb2 83. Ra7 Rd2 84. Rb7 Ka3 85. Ke5 Rd1 86. Be6 Rd2 87. Ra7+ Kb2 88. Ra4 Kc3 89. Kf6 Rd6 90.
Ke5 Ra6 91. Bf7 Rxa4 92. bxa4 Nd3+ 93. Kd6 Kb4 94. Be8 Nc5 95. Kd5 Nxa4 1/2-1/2

[Event "Early-Titled-Tuesday-Blitz-April-02-2024"]
[Site "Chess.com"]
[Date "2024.04.02"]
[Round "3"]
[White "ahkashefi2800"]
[Black "szachmistrz2500"]
[Result "1/2-1/2"]
[WhiteElo "2605"]
[BlackElo "2417"]
[TimeControl "180+1"]
[EndTime "8:31:13 PDT"]
[Termination "Game drawn - insufficient material"]

1. d4 Nf6 2. Nf3 d5 3. Bg5 Bf5 4. Bxf6 exf6 5. c3 c6 6. e3 Bd6 7. Bd3 Be4 8. O-O O-O 9. Qe2 Re8 10. Nbd2 f5 11. c4 f4 12. cxd5 cxd5 13. Rfe1 Nc6 14.
exf4 Bxf4 15. Nxe4 dxe4 16. Bxe4 Nxd4 17. Nxd4 Qxd4 18. Rad1 Qf6 19. Qc2 g6 20. Bxb7 Rxe1+ 21. Rxe1 Rd8 22. Re2 Qxb2 23. g3 Qxb7 24. gxf4 Qf3 25.
f5 Rd5 26. Re8+ Kg7 27. Qb2+ Kh6 28. Qc1+ Kh5 29. Qf1 Rxf5 30. h3 Rg5+ 31. Kh2 Qf4+ 32. Kh1 Qf3+ 33. Kh2 Rd5 34. Re2 Rd3 35. Re1 a5 36.
Kg1 a4 37. Qe2 a3 38. Qxf3+ Rxf3 39. Kg2 Rc3 40. Re2 Rc1 41. Re5+ f5 42. Re3 g5 43.
Rxa3 f4 44. Ra6 h6 45. a3 Rc3 46. Kh2 Rb3 47. Kg2 Rb2 48. a4 Rb3 49. a5 Ra3 50.
Kh2 Rb3 51. Kg2 Ra3 52. Kh2 Rb3 53. Kg1 Rb2 54. Kg2 Rb3 55. Rb6 Ra3 56. a6 g4 57. Rb5+ Kh4 58. hxg4 Kxg4 59. Rb6 h5 60. Rc6 f3+ 61. Kh2 Ra2 62. Rg6+ Kf4 63. Rf6+ Kg4 64.
Kg1 Ra1+ 65. Kh2 Rf1 66. Rg6+ Kf5 67. a7 Rxf2+ 68. Kg3 Ra2 69. Rg7 f2 70. Kg2 Kf6 71. Rh7 Kg6 72. Re7 Kg5 73. Rg7+ Kh4 74. Kf1 Kh3 75. Rh7 h4 76. Rg7 Kh2 77. Rh7 h3 78. Rg7 Kh1 79. Rh7 Kh2 80. Rg7 Ra3 81.
Kxf2 Ra2+ 82. Kf3 Ra3+ 83. Ke4 Ra4+ 84. Kd3 Kh1 85. Ke2 h2 86. Kf2 Ra2+ 87. Kf1 Ra1+ 88. Ke2 Ra2+ 89. Kf3 Ra3+ 90. Kf2 Ra2+ 91. Kg3 Ra3+ 92. Kh4 Ra4+ 93. Kh3 Ra3+ 94. Kh4 Ra4+ 95. Kh5 Ra5+ 96. Kh6 Ra6+ 97. Kh7 Rxa7 98. Rxa7 Kg1 99. Rg7+ Kf2 100. Rf7+ Kg3 101. Rg7+ Kh3 102. Rg6 h1=Q 103. Rh6+ Kg2 104. Rxh1 Kxh1 1/2-1/2

[Event "Early-Titled-Tuesday-Blitz-April-02-2024"]
[Site "Chess.com"]
[Date "2024.04.02"]
[Round "3"]
[White "Grossboss19"]
[Black "Mariia89"]
[Result "1/2-1/2"]
[WhiteElo "2568"]
[BlackElo "2284"]
[TimeControl "180+1"]
[EndTime "8:31:22 PDT"]
[Termination "Game drawn by agreement"]

1. e4 c6 2. d4 d5 3. e5 Bf5 4.
Nf3 e6 5. Be2 c5 6. O-O Nc6 7.
c3 Nge7 8. Re1 cxd4 9. cxd4 Bg6 10. Nbd2 Nf5 11. Nf1 Be7 12. Ng3 O-O 13. Bf4 Qb6 14.
Nxf5 Bxf5 15. Be3 Qxb2 16. Qb3 Qxb3 17. axb3 Nb4 18. Rec1 Nc2 19. Ra2 Rfc8 20. Rd1 Nb4 21. Rb2 a6 22. Ne1 Rc6 23. g4 Bg6 24. f4 h6 25. Nd3 Rac8 26. Nc5 b6 27. Nxa6 Nxa6 28. Bxa6 R8c7 29. Rf1 Be4 30. f5 Rc3 31. Bd2 Rc2 32. Rxc2 Rxc2 33. Rf2 Bh4 34. Re2 Bf3 35. Re3 Bxg4 36.
Be1 Bg5 37. Rc3 Ra2 38. Bd3 Bxf5 39. Bxf5 exf5 40. Rc8+ Kh7 41. Rc6 Ra1 42. Kf2 Bh4+ 43. Kf3 Bxe1 44. Rxb6 Bc3 45. Rb5 Bxd4 46. Rxd5 Bc3 47.
Rc5 Bd4 48. Rd5 Bb2 49. b4 Ra3+ 50. Kf4 Rb3 51. b5 g6 52. Rd7 Kg8 53. Rb7 Rb4+ 54. Ke3 Bxe5 55. Kd3 Bxh2 56. Kc3 Rb1 57. Kc2 Rb4 58.
Kc3 Re4 59. b6 Re8 60. Rd7 Kg7 61. b7 g5 62. Kd4 Be5+ 63. Kd5 f4 64. Ke4 h5 65.
Rd5 Bf6+ 66. Kf5 Rb8 67. Rb5 f3 68. Rb1 g4 69. Kf4 Kg6 70. Kg3 Be5+ 71. Kh4 f6 72.
Rb3 Bf4 73. Rb1 Bg5+ 74. Kg3 Kf5 75. Rb5+ Kg6 76. Rb6 h4+ 77. Kxg4 f2 78. Rb1 Be3 79.
Kf3 Bc5 80. Kg2 Kg5 81. Rb5 f5 82. Rxc5 Rxb7 83. Rc8 Rg7 84. Kxf2 Kg4 85. Rh8 f4 86. Rb8 h3 87. Rh8 Rg5 88. Rh7 f3 89. Rh8 Rf5 90.
Rg8+ Kf4 91. Rh8 Ra5 92. Rh4+ Kg5 93. Rxh3 Kg4 94. Rg3+ Kh4 95. Rxf3 Kg4 96. Rb3 Kf4 97. Ke1 Ke4 98. Rh3 Ra2 99. Kd1 Kf4 100. Kc1 Rg2 101. Rb3 Ke4 102. Rb4+ Kd5 103. Rb3 Kc4 104. Rh3 Kd5 105.
Kd1 Kc4 106. Ke1 Ra2 107. Rh4+ Kd5 108. Rh8 Ke4 109. Re8+ Kf4 110. Kd1 Kg4 111. Kc1 Rh2 112. Rf8 Kg5 113. Kd1 Kg6 114. Rg8+ Kf7 115. Rg3 Ke6 116. Ke1 Kf5 117. Kf1 Ra2 118. Rb3 Ke4 119. Rb4+ Ke5 120. Rb3 Ke4 121. Ke1 Ke5 122. Kd1 Ke4 123. Kc1 Rh2 124. Rg3 Ke5 1/2-1/2

[Event "Early-Titled-Tuesday-Blitz-April-02-2024"]
[Site "Chess.com"]
[Date "2024.04.02"]
[Round "4"]
[White "Larina_Maria"]
[Black "KINGOF2SOAP"]
[Result "1-0"]
[WhiteElo "2324"]
[BlackElo "2503"]
[TimeControl "180+1"]
[EndTime "8:32:31 PDT"]
[Termination "Larina_Maria won by resignation"]

1. e4 Nc6 2. Nf3 d5 3. exd5 Qxd5 4. Nc3 Qa5 5. g3 f6 6. Bg2 e5 7. d3 Be7 8. O-O Bd7 9. Bd2 Qb6 10. Nd5 Qa6 11. Nxc7+ 1-0